 Dungeon Crawl Stone Soup version 0.20-a0-1109-ge3cd172 (webtiles) character file.

116 nubinia the Firebug (level 4, -1/36 HPs)
             Began as a Deep Elf Fire Elementalist on May 5, 2017.
             Slain by an orc wizard
             ... wielding a +0 dagger
              (4 damage)
             ... on level 2 of the Dungeon.
             The game lasted 00:10:14 (2596 turns).

nubinia the Firebug (Deep Elf Fire Elementalist)    Turns: 2596, Time: 00:10:15

Health: -1/36      AC:  4    Str: 10    XL:     4   Next: 69%
Magic:  0/12       EV: 13    Int: 21    God:
Gold:   127        SH:  0    Dex: 15    Spells: 5/11 levels left

rFire    . . .     SeeInvis .   m - +1 dagger (flame)
rCold    . . .     Gourm    .   (no shield)
rNeg     . . .     Faith    .   a - +0 robe
rPois    .         Spirit   +   r - +1 helmet
rElec    .         Reflect  .   l - scarf {Spirit}
rCorr    .         Harm     .   (no gloves)
MR       .....                  (no boots)
Stlth    ..........             (no amulet)
Regen    0.2/turn               (no ring)
MPRegen  0.2/turn               (no ring)

@: confused, mighty, berserking, very quick
A: no striking features
a: no special abilities


You were on level 2 of the Dungeon.
You were not hungry.

You visited 1 branch of the dungeon, and saw 3 of its levels.

You collected 127 gold pieces.

Inventory:

Hand Weapons
 d - a +0 dagger
 m - a +1 dagger of flaming (weapon)
Armour
 a - a +0 robe (worn)
 l - a scarf of spirit shield (worn)
 r - a +1 helmet (worn)
Jewellery
 s - a cursed amulet of inaccuracy {unknown}
 u - an uncursed ring of positive energy {unknown}
Scrolls
 e - a scroll of enchant armour {unknown}
 f - a scroll of identify {unknown}
 g - a scroll of blinking
 h - a scroll of teleportation {unknown}
 i - a scroll of random uselessness {unknown}
 n - a scroll of remove curse {unknown}
 o - a scroll of recharging {unknown}
 t - a scroll of fog {unknown}
Potions
 v - a potion of heal wounds {unknown}
Books
 b - a book of Flames

   Spells                             Type                      Level
   a - Flame Tongue                   Conjuration/Fire             1
   b - Throw Flame                    Conjuration/Fire             2
   c - Conjure Flame                  Conjuration/Fire             3
   d - Inner Flame                    Hexes/Fire                   3
   e - Sticky Flame                   Conjuration/Fire             4
   f - Fireball                       Conjuration/Fire             5
Comestibles
 c - 3 bread rations
 p - a royal jelly
 q - 3 chunks of flesh


   Skills:
 + Level 2.8 Dodging
 + Level 3.2 Stealth
 + Level 4.2 Spellcasting
 + Level 2.0 Conjurations
 + Level 4.5 Fire Magic


You had 5 spell levels left.
You knew the following spells:

 Your Spells              Type           Power        Failure   Level  Hunger
a - Flame Tongue          Conj/Fire      ###..        3%          1    None
b - Throw Flame           Conj/Fire      ###...       4%          2    #......
c - Conjure Flame         Conj/Fire      ###.....     9%          3    ###....


Dungeon Overview and Level Annotations

Branches:
Dungeon (3/15)

Altars:
Dithmenos
Vehumet


Message History

* * * LOW HITPOINT WARNING * * *
You barely miss something. Something hits you.
* * * LOW HITPOINT WARNING * * *
It was a potion of might.
You feel very mighty all of a sudden.
You hear some strange, mumbled words.
You are confused.
You're too confused to move!
Something hits you but does no damage.
You bump into the rock wall.
Something hits you but does no damage.
You bump into the rock wall.
Something hits you.
* * * LOW HITPOINT WARNING * * *
You barely miss something. Something hits you but does no damage.
It was a potion of berserk rage.
A red film seems to cover your vision as you go berserk!
You feel yourself moving faster!
You feel mighty! Something hits you.
* * * LOW HITPOINT WARNING * * *
You bump into the rock wall.
You feel a strong urge to attack something.
Something hits you.
You die...

#......# #.####.#####
########..........##
#.........###.##...###
#.######..# #.÷.......
#.######..###..#...#..
#..............÷.....#
#.##.###.##....##.....
#.#.#@#..########<###.
#...##{..# #####.##.#
####.#.#>#..# #......#..
#...........# #.##..##..
#...........####.##..####
#.###................##..
#..........#####.###..#..
#.##.......#####.#.#.....
#.##.#.###.#.....#[#.....


There were no monsters in sight!

Vanquished Creatures
  4 gnolls (D:2)
  3 worms
  3 dart slugs (D:2)
  3 leopard geckos
  2 orcs (D:3)
  2 giant cockroaches (D:2)
  9 goblins
  8 hobgoblins
  4 jackals (D:3)
  9 kobolds
  4 bats
  5 rats
56 creatures vanquished.

Notes
Turn   | Place    | Note
-------+----------+-------------------------------------------
     0 | D:1      | nubinia the Deep Elf Fire Elementalist began the quest for the Orb.
     0 | D:1      | Reached XP level 1. HP: 10/10 MP: 6/6
   396 | D:1      | Reached XP level 2. HP: 15/15 MP: 6/8
   400 | D:1      | Learned a level 2 spell: Throw Flame
  1126 | D:2      | Reached XP level 3. HP: 19/19 MP: 6/10
  1131 | D:2      | Learned a level 3 spell: Conjure Flame
  1521 | D:2      | Found a shadowy altar of Dithmenos.
  1772 | D:2      | Reached XP level 4. HP: 24/24 MP: 1/12
  1987 | D:2      | Found a radiant altar of Vehumet.
  2596 | D:2      | Slain by an orc wizard

Vault maps used:
D:1:      minmay_arrival_semitransparent, kennysheep_another_room, hex_tiny,
          serial_bayou_pond_d
D:2:      nicolae_dithmenos_through_a_glass_darkly,
          lemuel_coloured_pillars_altar, hangedman_decor_push
D:3:      eat_drink_and_be_merry_uskayaw

Skill      XL: |  1  2  3  4 |
---------------+-------------+-----
Fire Magic     | 4 |  4.5
Stealth        | 3 |  3.2
Spellcasting   | 4 |  4.2
Conjurations   | 2 |  2.0
Dodging        | |  2.8

Action                   |  1- 3 |  4- 6 || total
-------------------------+-------+-------++-------
Melee: Dagger            |    47 |    19 ||    66
 Cast: Flame Tongue      |    62 |    29 ||    91
       Throw Flame       |     2 |     3 ||     5
  Use: Potion            |       |     2 ||     2
       Scroll            |       |     1 ||     1
 Stab: Sleeping          |     4 |     3 ||     7
  Eat: Chunk             |     3 |     2 ||     5
Armor: Robe              |    15 |     5 ||    20
Dodge: Dodged            |    50 |    16 ||    66
